Map: Torches LE

Players

Clem

  • Race: Terran Terran
  • Spawn Location: 1:00

Solar - Winner!

  • Race: Zerg Zerg
  • Spawn Location: 5:00

Event: Esports World Cup 2025

VOD

Have the link to the VOD?

Description

Time

  • Played on: July 23, 2025, 8:21 a.m.
  • Length: 14:04

All games in this series

Show
View Real Time Build Order
Export as new Build Order

Clem Terran 

Build Orders: Reaper Expand, Banshee Rush 

Get SALT Encoding   

  12  0:00  SCV  
  13  0:12  SCV  
  14  0:17  Supply Depot  
  14  0:24  SCV  
  15  0:38  SCV  
  15  0:40  Barracks  
  16  0:43  Refinery  
  16  0:50  SCV  
  17  1:02  SCV  
  18  1:15  SCV  
  19  1:27  Orbital Command, Reaper  
  20  1:39  Command Center  
  20  1:47  Supply Depot  
  20  1:53  SCV  
  21  1:59  Marine  
  22  2:05  SCV  
  23  2:11  Factory  
  23  2:17  SCV  
  23  2:19  Barracks Reactor  
  24  2:29  SCV  
  25  2:39  Command Center  
  25  2:41  SCV  
  26  2:50  Orbital Command  
  26  2:53  SCV  
  27  2:59  Starport  
  27  3:05  SCV  
  27  3:07  Refinery  
  27  3:09  Marine  
  27  3:10  Marine  
  30  3:13  Factory Tech Lab  
  30  3:18  SCV  
  30  3:19  SCV  
  31  3:27  Marine  
  31  3:28  Marine  
  31  3:30  SCV  
  31  3:31  SCV  
  35  3:41  Banshee  
  35  3:42  SCV  
  35  3:43  SCV  
  35  3:44  Marine  
  35  3:46  Marine  
  42  3:54  SCV  
  43  3:56  Cloaking Field, Barracks  
  43  3:57  SCV  
  43  4:00  Orbital Command  
  43  4:02  Marine  
  44  4:05  Marine  
  44  4:07  SCV  
  44  4:08  Supply Depot  
  44  4:09  Factory Tech Lab  
  47  4:11  SCV  
  48  4:19  SCV  
  48  4:20  Marine  
  48  4:21  Refinery  
  48  4:23  SCV  
  48  4:24  Banshee  
  51  4:25  Marine  
  51  4:27  SCV  
  56  4:32  SCV  
  56  4:33  Refinery  
  56  4:36  SCV  
  58  4:39  Factory Reactor, Marine  
  58  4:42  Supply Depot  
  58  4:44  SCV  
  60  4:48  Engineering Bay, SCV  
  60  4:51  Engineering Bay  
  60  4:52  Stimpack, Marine  
  62  4:56  Marine, SCV  
  64  5:00  Marine, SCV  
  64  5:01  Orbital Command  
  64  5:05  Supply Depot  
  66  5:07  Barracks  
  66  5:08  SCV  
  66  5:10  Marine  
  66  5:12  SCV  
  69  5:14  Marine  
  69  5:18  Barracks  
  69  5:20  Barracks  
  70  5:21  Terran Infantry Weapons Level 1  
  70  5:23  Terran Infantry Armor Level 1, Starport Reactor  
  70  5:24  SCV  
  70  5:28  SCV  
  72  5:32  Supply Depot, Marine x3  
  75  5:36  Siege Tank  
  75  5:38  SCV  
  76  5:44  Supply Depot  
  76  5:49  SCV  
  77  5:50  Marine  
  77  5:52  Marine  
  77  5:56  Supply Depot  
  79  6:00  Marauder, SCV  
  79  6:01  SCV, Medivac  
  79  6:02  Medivac  
  87  6:09  Barracks Reactor x2  
  87  6:11  Supply Depot  
  87  6:12  SCV  
  87  6:16  SCV, Siege Tank  
  87  6:18  Orbital Command, Marine  
  92  6:21  Marine  
  94  6:26  Supply Depot, Marine x2  
  94  6:28  SCV  
  94  6:29  SCV  
  94  6:32  Combat Shield  
  98  6:38  Marauder  
  100  6:40  SCV  
  100  6:41  SCV, Medivac x2  
  100  6:45  SCV  
  100  6:46  Supply Depot  
  107  6:48  Marine x2  
  107  6:51  Siege Tank  
  107  6:52  SCV  
  113  6:54  Supply Depot, Marine x2  
  113  6:57  SCV  
  113  6:59  Marine, SCV  
  113  7:00  Marine  
  119  7:02  Marine  
  119  7:04  SCV  
  119  7:05  Supply Depot, Marine  
  119  7:06  Armory  
  119  7:07  Refinery  
  122  7:09  Marauder  
  122  7:10  Marine  
  122  7:14  Marine  
  122  7:15  Supply Depot, Marine x2  
  128  7:16  Marine  
  128  7:19  Medivac  
  128  7:20  Medivac  
  128  7:22  Marine x2  
  135  7:24  Siege Tank  
  135  7:28  Command Center  
  138  7:34  Marauder, Supply Depot, Marine  
  138  7:35  SCV x2  
  138  7:36  Marine  
  145  7:37  Marine, SCV  
  145  7:39  Marine  
  145  7:44  Marine x2  
  147  7:47  Supply Depot, Marine, SCV  
  147  7:48  SCV  
  152  7:51  Concussive Shells  
  152  7:53  Medivac x2  
  152  7:56  Supply Depot  
  152  7:57  Refinery  
  156  8:03  Barracks  
  156  8:04  Barracks  
  148  8:06  Marauder  
  148  8:11  Marine x2  
  148  8:12  Barracks, Marine x3  
  150  8:13  Marine  
  151  8:20  Widow Mine x2  
  151  8:21  Marauder  
  151  8:22  Terran Infantry Weapons Level 2  
  151  8:24  Terran Infantry Armor Level 2  
  157  8:27  Marauder  
  157  8:28  Supply Depot  
  157  8:29  Marine  
  157  8:33  Marine x2  
  162  8:35  Supply Depot, Marine x2  
  162  8:37  Marine  
  162  8:41  Medivac  
  167  8:43  Marauder  
  167  8:46  SCV  
  167  8:47  Marine, SCV  
  167  8:48  SCV  
  175  8:50  Viking  
  175  8:51  Sensor Tower, Terran Vehicle And Ship Armor Level 1  
  175  8:53  Widow Mine x2  
  179  8:58  SCV  
  179  9:03  Planetary Fortress  
  179  9:04  Barracks Tech Lab x2  
  179  9:05  Ghost Academy, Barracks Tech Lab  
  179  9:06  Marauder x2, Marine x2  
  179  9:07  Marine  
  179  9:08  Marine  
  179  9:09  SCV  
  188  9:23  Sensor Tower  
  188  9:24  Widow Mine x2  
  190  9:25  Marauder x3  
  190  9:26  Engineering Bay  
  190  9:27  Marine  
  190  9:30  Marine  
  190  9:31  Marauder  
  198  9:37  Command Center  
  198  9:42  Marauder  
  198  9:45  Widow Mine  
  195  9:46  Marauder x2  
  195  9:52  Marine  
  200  10:00  Refinery, Command Center  
  200  10:06  Marine  
  198  10:12  Marauder x5  
  198  10:13  Liberator, Widow Mine x2  
  199  10:21  Supply Depot  
  197  10:33  Marauder x2  
  199  10:39  Sensor Tower  
  199  10:41  Command Center  
  196  10:44  Terran Infantry Armor Level 3, Terran Infantry Weapons Level 3  
  196  10:47  Terran Vehicle And Ship Armor Level 2  
  196  10:48  Marauder  
  198  10:55  Widow Mine  
  198  10:56  Command Center  
  200  10:59  Fusion Core  
  200  11:00  Starport  
  195  11:15  Ghost x2  
  198  11:19  Ghost  
  196  11:27  Marauder  
  196  11:31  Marauder  
  194  11:36  Liberator, Widow Mine  
  194  11:41  Medivac  
  194  11:43  Marine x4, Widow Mine  
  194  11:44  Marauder, Marine  
  194  11:45  Marauder  
  190  11:47  Marine x2  
  190  11:48  Marauder  
  190  11:50  Starport Reactor  
  190  11:52  Marine  
  189  11:57  Widow Mine  
  189  11:58  Planetary Fortress  
  189  12:00  Marine x2, SCV  
  186  12:01  Marine x3  
  186  12:04  Orbital Command  
  186  12:05  Ghost, Widow Mine  
  189  12:09  Marine x3  
  189  12:10  SCV  
  189  12:11  Liberator  
  189  12:14  Planetary Fortress  
  196  12:18  Orbital Command, Widow Mine  
  196  12:19  Medivac  
  200  12:23  Sensor Tower  
  200  12:29  Advanced Ballistics  
  193  12:39  Ghost  
  193  12:41  Ghost  
  193  12:43  Ghost, Widow Mine  
  177  12:46  Ghost  
  177  12:48  Marine  
  177  12:50  Medivac  
  147  12:52  Marine x2  
  147  12:54  Marine x3  
  147  12:55  SCV x2  
  147  12:58  Marine  
  150  13:00  SCV x2  
  150  13:02  SCV  
  139  13:06  Marine  
  139  13:08  Marauder  
  139  13:12  Marine  
  105  13:20  Marine, Widow Mine  
  105  13:21  Orbital Command  
  105  13:25  Orbital Command  
  99  13:28  Marauder  
  99  13:32  Marine  
  102  13:36  SCV  
  102  13:37  SCV  
  102  13:38  SCV  
  105  13:43  SCV  
  106  13:50  SCV  
Show
View Real Time Build Order
Export as new Build Order

Solar Zerg - Winner!

Build Orders: Hatch First 

Get SALT Encoding   

  12  0:00  Drone  
  13  0:08  Drone  
  13  0:14  Drone, Extractor  
  15  0:36  Hatchery  
  15  0:39  Extractor  
  15  0:40  Drone  
  15  0:46  Overlord  
  15  1:01  Spawning Pool  
  14  1:04  Drone  
  14  1:08  Drone  
  16  1:12  Drone  
  16  1:16  Drone  
  18  1:26  Drone  
  19  1:37  Drone  
  20  1:47  Queen x2  
  20  1:49  Zergling x2  
  20  1:51  Zergling x2  
  26  2:00  Drone, Overlord  
  27  2:09  Drone  
  28  2:21  Hatchery  
  27  2:24  Drone  
  27  2:28  Drone x2  
  30  2:34  Queen  
  32  2:41  Overlord, Extractor  
  31  2:44  Drone  
  31  2:45  Drone  
  31  2:48  Drone  
  34  2:54  Drone x2  
  36  3:00  Drone  
  36  3:01  Drone x3  
  36  3:04  Drone  
  41  3:08  Overlord  
  41  3:10  Drone  
  41  3:12  Drone  
  43  3:17  Drone  
  44  3:25  Roach Warren  
  44  3:26  Drone  
  44  3:29  Drone x2  
  44  3:30  Drone x2  
  48  3:35  Drone  
  48  3:37  Queen  
  48  3:39  Drone  
  52  3:41  Overlord  
  52  3:44  Drone  
  52  3:45  Drone  
  52  3:47  Drone  
  55  3:51  Drone x2, Extractor  
  55  3:55  Drone  
  56  4:00  Lair  
  56  4:02  Drone x3  
  59  4:07  Evolution Chamber, Extractor  
  59  4:08  Drone x2  
  59  4:10  Overlord  
  59  4:13  Drone, Extractor  
  59  4:17  Drone  
  59  4:19  Drone x2  
  62  4:24  Drone  
  62  4:29  Roach  
  62  4:30  Roach  
  67  4:36  Roach x3  
  67  4:37  Overlord  
  73  4:40  Overlord  
  73  4:42  Overlord  
  73  4:46  Hatchery  
  73  4:49  Drone x2  
  73  4:51  Zerg Ground Armor Level 1  
  74  4:56  Drone  
  74  4:57  Roach x3  
  80  5:00  Glial Reconstitution  
  80  5:05  Overseer, Overlord  
  80  5:07  Drone x3  
  80  5:09  Roach  
  80  5:10  Extractor  
  84  5:16  Drone x5  
  84  5:20  Overseer  
  89  5:22  Drone, Spore Crawler  
  89  5:24  Drone, Spore Crawler  
  89  5:26  Drone x2  
  89  5:27  Drone  
  91  5:30  Queen  
  91  5:34  Queen  
  91  5:36  Drone  
  91  5:38  Drone  
  91  5:39  Drone x2  
  94  5:43  Drone  
  94  5:45  Spore Crawler  
  94  5:48  Drone x2  
  97  5:51  Drone  
  97  5:52  Infestation Pit  
  97  5:57  Overlord  
  97  5:59  Roach x4  
  97  6:00  Drone x2  
  97  6:03  Drone x2  
  109  6:05  Spore Crawler  
  109  6:08  Extractor  
  109  6:10  Overlord  
  105  6:12  Roach  
  105  6:13  Evolution Chamber  
  105  6:17  Drone x2  
  108  6:19  Drone x2  
  108  6:20  Drone  
  108  6:21  Overlord  
  111  6:26  Roach x2  
  111  6:27  Roach  
  111  6:29  Ravager  
  111  6:30  Overlord, Ravager x2  
  119  6:35  Hive  
  119  6:36  Drone  
  119  6:37  Drone  
  119  6:38  Drone  
  119  6:39  Infestor x2  
  126  6:41  Extractor  
  126  6:43  Zerg Melee Weapons Level 1  
  126  6:45  Overlord  
  125  6:48  Overlord  
  125  6:49  Metabolic Boost  
  125  6:50  Drone  
  125  6:51  Drone x2  
  125  6:52  Drone  
  125  6:53  Extractor  
  128  6:55  Roach x3  
  128  6:56  Overlord  
  128  7:00  Drone, Baneling Nest  
  134  7:06  Overlord  
  134  7:09  Overseer  
  134  7:14  Overlord  
  134  7:16  Drone  
  134  7:17  Drone  
  134  7:18  Drone  
  134  7:20  Drone x3  
  140  7:24  Zergling x18  
  140  7:29  Zerg Ground Armor Level 2  
  149  7:31  Zergling x4  
  149  7:34  Zergling x2  
  149  7:35  Zergling x6  
  149  7:36  Drone  
  155  7:41  Drone  
  155  7:43  Drone  
  155  7:46  Drone, Centrifugal Hooks  
  155  7:47  Overlord  
  155  7:48  Ultralisk Cavern  
  155  7:49  Baneling x3  
  155  7:50  Baneling x4  
  155  7:52  Zergling x6  
  155  7:53  Zergling x6  
  155  7:54  Zergling x2  
  155  7:55  Zergling x2  
  155  7:56  Zergling x4  
  165  7:59  Drone  
  162  8:05  Zergling x2  
  162  8:06  Zergling x10  
  162  8:07  Adrenal Glands  
  162  8:08  Infestor  
  169  8:18  Infestor  
  171  8:21  Overlord x2  
  171  8:25  Hatchery  
  170  8:38  Ultralisk x3, Chitinous Plating  
  187  8:45  Zergling x8, Ultralisk  
  195  8:50  Pneumatized Carapace  
  195  8:51  Baneling x2  
  195  8:54  Zergling x10  
  200  8:57  Zerg Melee Weapons Level 2  
  200  9:09  Baneling x9  
  200  9:14  Hatchery  
  200  9:16  Zergling x2  
  200  9:33  Zergling x2  
  197  9:46  Zergling x6  
  200  10:11  Zerg Ground Armor Level 3  
  200  10:14  Overlord x2  
  200  10:18  Overseer  
  200  10:21  Overlord  
  200  10:22  Hatchery, Overlord  
  200  10:27  Hydralisk Den  
  195  10:29  Anabolic Synthesis  
  195  10:30  Zergling x2  
  195  10:31  Zergling x8  
  199  10:49  Zergling x2  
  199  10:51  Overseer x2  
  199  11:00  Hatchery  
  199  11:04  Zergling x2  
  199  11:14  Zergling x2  
  197  11:19  Zergling x2  
  197  11:20  Zergling x4  
  197  11:22  Ravager  
  198  11:27  Zergling x6  
  192  11:34  Ultralisk x2  
  192  11:35  Zergling x12  
  192  11:36  Overseer x2  
  198  11:40  Zergling x2  
  198  11:45  Zergling x20  
  175  11:55  Ultralisk x2  
  175  11:56  Zergling x4, Ultralisk  
  175  12:01  Zergling x4  
  186  12:03  Grooved Spines  
  186  12:07  Baneling x5  
  186  12:08  Ravager x2  
  186  12:09  Hatchery  
  186  12:10  Zergling x2  
  186  12:11  Zergling x8  
  186  12:13  Zergling x4  
  191  12:19  Zergling x16  
  191  12:22  Spore Crawler  
  197  12:24  Zergling x2  
  197  12:26  Baneling x13  
  197  12:29  Zergling x2  
  194  12:39  Zergling x20  
  185  12:47  Ultralisk x3  
  185  12:50  Infestor x3  
  190  12:53  Zergling x10, Muscular Augments  
  186  13:01  Zergling x8  
  186  13:04  Ultralisk  
  187  13:09  Zergling x2  
  187  13:10  Zergling x8  
  181  13:15  Zergling x6  
  185  13:20  Zergling x14, Ultralisk x3  
  185  13:25  Zergling x6  
  194  13:29  Zergling x2  
  194  13:32  Zergling x4  
  191  13:41  Baneling x4  
  191  13:42  Baneling x8  
  191  13:44  Hatchery  
  191  13:45  Zergling x18  
Tags
 
Add a new tag
Caveats
  • Supply blocks, unpowered buildings, or Contaminate may cause inaccurate times.
  • Supply counts are checked every 10 seconds.